 Dungeon Crawl Stone Soup version 0.27-a0-412-g8dd771eca2 (webtiles) character file.

Game seed: 7403312833956214749

35 Morbidden the Firebug (level 3, 18/25 HPs)
             Began as a Demonspawn Fire Elementalist on Feb 24, 2021.
             Quit the game on level 2 of the Dungeon.
             The game lasted 00:02:03 (1654 turns).

Morbidden the Firebug (DsFE)                        Turns: 1654, Time: 00:02:03

Health: 18/25      AC:  2    Str:  8    XL:     3   Next: 16%
Magic:  6/6        EV: 16    Int: 17    God:
Gold:   39         SH:  0    Dex: 13    Spells: 5/6 levels left

rFire    . . .     SeeInvis .   (no weapon)
rCold    . . .     Faith    .   (no shield)
rNeg     . . .     Spirit   .   m - +0 robe
rPois    .         Reflect  .   (helmet restricted)
rElec    .         Harm     .   (no cloak)
rCorr    .         Rampage  .   (no gloves)
Will     .....                  (no boots)
Stlth    ++........             (no amulet)
HPRegen  0.08/turn              a - +4 ring of evasion
MPRegen  0.10/turn              (no ring)

@: no status effects
A: antennae 1, claws 1
a: no special abilities


You were on level 2 of the Dungeon.
You visited 1 branch of the dungeon, and saw 2 of its levels.

You collected 39 gold pieces.

Inventory:

Hand Weapons
 g - a +0 hunting sling
Missiles
 h - 6 poisoned darts (quivered)
Armour
 k - a +0 helmet
 m - a +0 robe (worn)
Jewellery
 a - a +4 ring of evasion (left claw)
Scrolls
 c - 3 scrolls of enchant weapon {unknown}
 i - a scroll of amnesia {unknown}
 l - a scroll of teleportation {unknown}
Potions
 d - a potion of degeneration {unknown}
 e - a potion of brilliance {unknown}
 f - a potion of cancellation {unknown}
 j - a potion of curing {unknown}


   Skills:
 * Level 0.4 Fighting
 * Level 1.8 Dodging
 + Level 1.8 Stealth
 * Level 0.9 Shields
 + Level 2.4 Spellcasting
 + Level 1.3 Conjurations
 + Level 3.0 Fire Magic


You had 5 spell levels left.
You knew the following spells:

 Your Spells              Type           Power        Failure   Level
a - Foxfire               Conj/Fire      36%          8%          1

Your spell library contained the following spells:

 Spells                   Type           Power        Failure   Level
 Conjure Flame            Conj/Fire      9%           22%         3
 Inner Flame              Hex/Fire       7%           30%         3
 Sticky Flame             Conj/Fire      9%           58%         4
 Fireball                 Conj/Fire      4%           91%         5


Dungeon Overview and Level Annotations

Branches:
Dungeon (2/15)

Altars:

Annotations:
D:1 1 runed translucent door


Innate Abilities, Weirdness & Mutations

You have a pair of small antennae on your head.
You have sharp fingernails.


Message History

Press: ? - help, Q - select action, (/) - cycle Shift-Dir - straight line, f/p - frilled lizard
Aim: a frilled lizard (poisoned, 35% to hit)
You throw a poisoned dart.
The poisoned dart closely misses the frilled lizard.
The poisoned dart closely misses the adder.
You kill the frilled lizard!
Unknown command.
Throw: 4 darts (poison)
Press: ? - help, Q - select action, (/) - cycle Shift-Dir - straight line, f - adder
Aim: an adder (heavily wounded, poisoned, 35% to hit)
You throw a poisoned dart. The poisoned dart hits the adder.
The adder looks even sicker.
The adder is heavily wounded.
The adder closely misses you. The adder misses you.
Unknown command.
Throw: 3 darts (poison)
Press: ? - help, Q - select action, (/) - cycle Shift-Dir - straight line, f/p - adder
Aim: an adder (heavily wounded, very poisoned, 35% to hit)
You throw a poisoned dart. The poisoned dart hits the adder.
The adder is heavily wounded.
The adder closely misses you.
You miss the adder.
The adder is severely wounded.
The adder bites you but does no damage.
You miss the adder.
The adder is almost dead.
You kill the adder!
You have reached level 3!
Your experience leads to an increase in your attributes!
Increase (S)trength, (I)ntelligence, or (D)exterity?
You feel clever.
Your demonic ancestry asserts itself...
A pair of antennae grows on your head!
Your +0 helmet falls away!
You scratch the frilled lizard.
You kill the frilled lizard!
A rat comes into view.
The rat moves out of view.
h - 6 poisoned darts (gained 4)
Items here: ) [ †††.
Are you sure you want to abandon this character and quit the game? (Confirm with "yes".)

.. ## . .# .###.##
.(... (... #.. #(#
#@# #.# #.# #.#
######+####
#.####.........###
#....'..<.†.......
######.........##
#...†.>...+
#.........#


There were no monsters in sight!

Vanquished Creatures
  A gnoll (D:1)
  An adder (D:2)
  A giant cockroach (D:1)
  3 hobgoblins
  3 kobolds (D:1)
  3 bats
  3 frilled lizards (D:2)
  3 rats (D:1)
18 creatures vanquished.

Vanquished Creatures (others)
  63 foxfires (D:1)
63 creatures vanquished.

Grand Total: 81 creatures vanquished

Notes
Turn   | Place    | Note
-------+----------+-------------------------------------------
     0 | D:1      | Morbidden the Demonspawn Fire Elementalist began the quest
                  | for the Orb.
     0 | D:1      | Reached XP level 1. HP: 13/13 MP: 3/3
     1 | D:1      | Found a runed translucent door.
     2 | D:1      | Noticed a jelly
   814 | D:1      | Reached skill level 3 in Fire Magic
   921 | D:1      | Gained mutation: You have sharp fingernails. [demonic
                  | ancestry]
   921 | D:1      | Reached XP level 2. HP: 19/19 MP: 5/5
  1651 | D:2      | Gained mutation: You have a pair of small antennae on your
                  | head. [demonic ancestry]
  1651 | D:2      | Reached XP level 3. HP: 18/25 MP: 6/6
  1654 | D:2      | Quit the game

Illustrated notes

Levels and vault maps discovered:
D:1:      dpeg_arrival_caged_fury, layout_basic, serial_park_tiny_1
D:2:      layout_basic, due_unseen_surprise, uniq_jessica, uniq_sigmund

Skill      XL: |  1 |
---------------+----+-----
Fire Magic     | 3 |  3.0
Fighting       | |  0.4
Dodging        | |  1.8
Stealth        | |  1.8
Shields        | |  0.9
Spellcasting   | |  2.4
Conjurations   | |  1.3

Action                   || total
-------------------------++-------
Melee: Dagger            ||     3
       Unarmed           ||    46
Throw: Dart              ||     8
 Cast: Foxfire           ||    34
  Use: Potion            ||     1
Armor: Robe              ||    13
Dodge: Dodged            ||    54
Block: Buckler           ||     1

Table legend: (Time is in decaauts)
 A = Elapsed time spent in this place.
 B = Non-inter-level travel time spent in this place.
 C = Inter-level travel time spent in this place.
 D = Time resting spent in this place.
 E = Time spent auto-exploring this place.
 F = Levels seen in this place.
 G = Mean time per level.
                   A        B        C        D        E       F      G
               +--------+--------+--------+--------+--------+-----+--------+
         Total |   1654 |   1594 |     60 |    192 |   1080 |   2 |  827.0 |
       Dungeon |   1654 |   1594 |     60 |    192 |   1080 |   2 |  827.0 |
               +--------+--------+--------+--------+--------+-----+--------+

Top non-repeatable levels by time:
     D:1: 1574 daAuts
     D:2: 79 daAuts
